 Dungeon Crawl Stone Soup version 0.31-a0-4-gefa6de2278 (webtiles) character file.

Game seed: 9249501207287668438

460736 senseless the Slayer (level 23, -2/234 HPs)
             Began as a Minotaur Fighter on May 4, 2023.
             Was the Champion of the Shining One.
             Succumbed to an ushabti's dark miasma
             ... on level 3 of the Tomb of the Ancients on May 6, 2023.
             The game lasted 03:03:51 (47206 turns).

senseless the Slayer (Minotaur Fighter)            Turns: 47206, Time: 03:03:52

Health: -2/234     AC: 33    Str: 30    XL:     23   Next: 36%
Magic:  28/33      EV: 16    Int:  7    God:    the Shining One [******]
Gold:   4075       SH: 19    Dex: 10    Spells: 22/22 levels left

rFire   + + .        a - +9 trishula (holy)
rCold   x . .        W - +3 kite shield {reflect}
rNeg    + + +        D - +5 fire dragon scales of Sin {Rampage rF++ rC- Regen+}
rPois   +            p - +0 hat
rElec   +            T - +2 cloak
rCorr   +            Y - +1 pair of gloves {infuse}
SInv    .            Z - +3 pair of seven-league boots {Rampage+∞}
Will    +....        r - amulet of regeneration Stlth
                     n - ring "Tyxkin" {rPois Slay+4}
HPRegen 2.19/turn    M - ring "Feuvogh" {rElec rCorr}
MPRegen 0.23/turn

%: reflection, rampage+∞, infuse magic (1 MP)
@: lethally poisoned (-2 -> -8), marked, slowed, glowing, studying Axes, very
slow
A: horns 2, retaliatory headbutt
}: 2/15 runes: barnacled, gossamer
a: Renounce Religion, Divine Shield, Cleansing Flame, Summon Divine Warrior


You were on level 3 of the Tomb of the Ancients.
You worshipped the Shining One.
The Shining One was exalted by your worship.
You visited 9 branches of the dungeon, and saw 41 of its levels.
You visited the Abyss 1 time.
You also visited: Ossuary, Bailey and Wizlab.

You collected 6762 gold pieces.
You spent 2687 gold pieces at shops.

Inventory:

Hand Weapons
 a - a +9 trishula of holy wrath (weapon)
 b - the +8 mithril axe "Arga" {speed, Will+}
   (You found it on level 3 of the Elven Halls)

   Will:      It increases your willpower.
 t - the +7 sling "Uschuabbaor" {heavy, rElec rPois rF+ rC+}
   (You found it on level 4 of the Shoals)

   rF:        It protects you from fire.
   rC:        It protects you from cold.
   rElec:     It insulates you from electricity.
   rPois:     It protects you from poison.
 V - a +5 sacred scourge of holy wrath
Armour
 p - a +0 hat (worn)
 q - a +1 pair of boots of flying
 D - the +5 fire dragon scales of Sin (worn) {Rampage rF++ rC- Regen+}
   (You took it off a deep elf master archer on level 3 of the Elven Halls)

   rF:        It greatly protects you from fire.
   rC:        It makes you vulnerable to cold.
   Regen:     It increases your rate of health regeneration.
   Rampage:   It bestows one free step when moving towards enemies.
 N - a +5 plate armour of fire resistance
 T - a +2 cloak (worn)
 W - a +3 kite shield of reflection (worn)
 Y - a +1 pair of gloves of infusion (worn)
 Z - the +3 pair of seven-league boots (worn) {Rampage+∞}
   (You found it on level 3 of the Elven Halls)

   Rampage+∞: When moving toward enemies, its wearer moves as far as possible.
Jewellery
 c - a +5 ring of evasion
 e - a +6 ring of dexterity
 f - a ring of willpower
 g - a ring of resist corrosion
 m - a +5 ring of evasion
 n - the ring "Tyxkin" (left hand) {rPois Slay+4}
   (You took it off a deep elf master archer on level 3 of the Elven Halls)

   [ring of poison resistance]

   Slay:      It affects your accuracy & damage with ranged weapons and melee
   (+4).
   rPois:     It protects you from poison.
 r - an amulet of regeneration (around neck)
 G - a +6 ring of strength
 H - a ring of protection from fire
 K - a ring of willpower
 M - the ring "Feuvogh" (right hand) {rElec rCorr}
   (You took it off a deep elf annihilator on level 3 of the Elven Halls)

   [ring of resist corrosion]

   rElec:     It insulates you from electricity.
   rCorr:     It protects you from acid and corrosion.
 O - a ring of willpower
 P - a ring of magical power
Wands
 C - a wand of digging (6)
Scrolls
 h - 9 scrolls of immolation
 l - 7 scrolls of poison
 o - 13 scrolls of teleportation
 y - 15 scrolls of vulnerability
 z - 3 scrolls of blinking
 A - 7 scrolls of amnesia
 B - 9 scrolls of fog
 L - 5 scrolls of magic mapping
 R - a scroll of silence
 S - 12 scrolls of fear
 U - 4 scrolls of summoning
 X - a scroll of brand weapon
Potions
 d - 8 potions of might
 i - 5 potions of brilliance
 j - 2 potions of flight
 k - 6 potions of haste
 s - 11 potions of attraction
 u - 2 potions of magic
 v - 7 potions of cancellation
 w - 3 potions of resistance
 x - 17 potions of curing
 E - 3 potions of heal wounds
 F - a potion of berserk rage
 I - 11 potions of lignification
 J - 3 potions of ambrosia
 Q - 5 potions of mutation


   Skills:
 + Level 25.5 Fighting
 - Level 15.9(18.3) Axes
 - Level 6.0(12.0) Maces & Flails
 - Level 13.8(16.9) Polearms
 - Level 0.5 Ranged Weapons
 + Level 23.4 Armour
 + Level 16.0 Dodging
 + Level 23.4 Shields
 + Level 14.9 Invocations


You had 22 spell levels left.
You didn't know any spells.
Your spell library contained the following spells:

 Spells                   Type           Power      Damage    Failure   Level
 Apportation              Tloc           0%         N/A       63%         1
 Beastly Appendage        Tmut           0%         N/A       63%         1
 Foxfire                  Conj/Fire      0%         2x1d4     63%         1
 Freeze                   Ice            0%         1d3       63%         1
 Magic Dart               Conj           0%         1d3       63%         1
 Necrotise                Necr           0%         1d4       63%         1
 Slow                     Hex            0%         N/A       63%         1
 Summon Small Mammal      Summ           0%         N/A       63%         1
 Call Imp                 Summ           0%         N/A       77%         2
 Sublimation of Blood     Necr           0%         N/A       77%         2
 Wereblood                Tmut           0%         N/A       77%         2
 Confusing Touch          Hex            0%         N/A       94%         3
 Dazzling Flash           Conj/Hex       0%         N/A       94%         3
 Frozen Ramparts          Ice            0%         1d1       94%         3
 Hailstorm                Conj/Ice       0%         3d3       94%         3
 Mephitic Cloud           Conj/Pois/Air  0%         N/A       94%         3
 Ozocubu's Armour         Ice            0%         N/A       94%         3
 Spider Form              Tmut/Pois      0%         N/A       94%         3
 Vampiric Draining        Necr           0%         2d6       94%         3
 Volatile Blastmotes      Fire/Tloc      0%         2d10      94%         3
 Ice Form                 Ice/Tmut       0%         N/A       100%        4
 Iskenderun's Mystic Bla  Conj/Tloc      0%         2d3       100%        4
 Passage of Golubria      Tloc           0%         N/A       100%        4
 Summon Ice Beast         Ice/Summ       0%         N/A       100%        4
 Summon Lightning Spire   Summ/Air       0%         N/A       100%        4
 Fireball                 Conj/Fire      0%         3d3       100%        5
 Iskenderun's Battlesphe  Conj           0%         2d6       100%        5
 Metabolic Englaciation   Hex/Ice        0%         N/A       100%        5
 Silence                  Hex/Air        0%         N/A       100%        5
 Summon Mana Viper        Hex/Summ       0%         N/A       100%        5
 Conjure Ball Lightning   Conj/Air       0%         3x3d6     100%        6
 Iron Shot                Conj/Erth      0%         9d1       100%        6
 Plasma Beam              Fire/Air       0%         2x1d11    100%        6
 Simulacrum               Ice/Necr       0%         N/A       100%        6
 Starburst                Conj/Fire      0%         6d3       100%        6
 Monstrous Menagerie      Summ           0%         N/A       100%        7
 Orb of Destruction       Conj           0%         9d5       100%        7
 Spellforged Servitor     Conj/Summ      0%         N/A       100%        7
 Storm Form               Tmut/Air       0%         N/A       100%        7
 Summon Hydra             Summ           0%         N/A       100%        7
 Discord                  Hex            0%         N/A       100%        8
 Disjunction              Tloc           0%         N/A       100%        8
 Lehudib's Crystal Spear  Conj/Erth      0%         10d2      100%        8
 Maxwell's Capacitive Co  Air            0%         ∞         100%        8


Dungeon Overview and Level Annotations

Branches:
Dungeon (15/15)            Temple (0/1) D:5            Lair (5/5) D:11
 Shoals (4/4) Lair:3       Spider (4/4) Lair:3        Slime (0/5) Lair:5
    Orc (2/2) D:10            Elf (3/3) Orc:2        Vaults (2/5) D:13
  Crypt (3/3) Vaults:2       Tomb (3/3) Crypt:3      Depths (0/4) D:15
Ossuary (visited)          Bailey (visited)          WizLab (visited)

Altars:
Fedhas
Makhleb
Nemelex Xobeh
Qazlal
Sif Muna
Uskayaw
Wu Jian
Xom
The Shining One
Jiyva

Shops:
D:1 :   D:2 [   D:10 (   D:11 [   Orc:2 ?([*[   Elf:1 =[!(?   Shoals:2 *
Shoals:4 [


Innate Abilities, Weirdness & Mutations

You have a pair of horns on your head.
You reflexively headbutt those who attack you in melee.


Message History

The jiangshi claws you but does no damage.
The emperor scorpion closely misses you.
You block the emperor scorpion's attack.
The emperor scorpion closely misses you.
The guardian mummy hits you but does no damage.
The mummy priest prays to its god.
The royal mummy points at you and mumbles some strange words.
Something smites you!
* * * LOW HITPOINT WARNING * * *
The ushabti shakes and rattles deafeningly!
There is an open door here.
The jiangshi attacks as you move away!
The jiangshi claws you but does no damage. x2
The death scarab bites you! The Shining One protects you from harm!
The death scarab drains your vigour!
You feel as though you will be slow longer.
You block the guardian mummy's attack. The emperor scorpion stings you.
* * * LOW HITPOINT WARNING * * *
You block the emperor scorpion's attack.
The emperor scorpion claws you but does no damage.
An ushabti comes into view.
The mummy priest prays to its god.
You stride towards the ushabti!
A guardian mummy comes into view.
Found a book of Transfigurations and a figurine of a ziggurat.
You hit the ushabti but do no damage. You headbutt the ushabti!
The ushabti is lightly damaged.
You block the ushabti's attack.
The ushabti shakes and rattles.
The vile air hits you but does no damage.
The ushabti attacks as you move away! You block the ushabti's attack.
The ushabti shakes and rattles.
The vile air hits you but does no damage.
The ushabti shakes and rattles.
The vile air hits you but does no damage.
You are engulfed in dark miasma.
You are poisoned.
* * * LOW HITPOINT WARNING * * *
You die...

***********************,,,,**
,,,,,,,,,,^,,,,,,,,,,,,..,,*
,,,,,,,,,,,,,,^,,,,,,....,**
,,,,,,,,,,,,,,,,,,,,,...***
*,,,,,,,,,,,,,,,,*###M##*
*,,,,,,,,,,,,,,,,##○...###
**.........M....##☼......##*
,**?.....^.....##9...○.....*
,<*#..........##@☼○9☼......**
,,,*#........##.☼[☼○.....$.,*
,,,,*#....MM##.○.○.......?$,*
,,,,*#..WZZM##.○○......$$$$,*
,,,,,#...3WM#s9......$$$$$|,*
,,,,.#.(.MMM#........(([|=:,*
,,^,.'M..MzBs........|=:|[:**
,,,,M#..Z3zV#......$$$///)#*
,,,,,#...4BZ#.......$/):}#*


You could see 2 emperor scorpions, a jiangshi (summoned), a guardian mummy and 3
ushabtiu.

Vanquished Creatures
  Khufu (Crypt:2)
  Mennas (Crypt:1)
  20 royal mummies
  A pearl dragon (Elf:3)
  A bone dragon (Crypt:3)
  Arachne (Spider:4)
  Jorgrun (Lair:3)
  Asterion (Elf:2)
  2 deep elf master archers (Elf:3)
  2 deep elf blademasters (Elf:3)
  A lich (Crypt:2)
  16 ancient champions
  A kraken (Shoals:4)
  A tentacled starspawn (Abyss:3)
  4 sphinxes
  7 revenants
  A storm dragon (Elf:1)
  Donald (Spider:3)
  2 deep elf sorcerers
  An iron dragon (Elf:1)
  Aizul (Shoals:1)
  2 caustic shrike zombies
  6 emperor scorpions
  4 vault wardens
  4 curse skulls
  A ghost moth (shapeshifter) (D:15)
  2 deep elf elementalists (Elf:3)
  4 ghost moths
  2 ghouls (Crypt:2)
  5 ironbound preservers
  The ghost of Reshi88 the Marksspriggan, an adept SpHu of Qazlal (Spider:3)
  3 broodmothers
  A reaper (Crypt:3)
  4 very ugly things (Abyss:3)
  2 ironbound thunderhulks (Vaults:1)
  Nessos (D:13)
  Azrael (Elf:2)
  4 vampire knights
  6 deep elf demonologists
  12 bennus
  3 halazid warlocks (WizLab)
  A spark wasp (Spider:2)
  5 dire elephants
  5 eidola
  Snorg (Lair:3)
  5 deep elf annihilators (Elf:3)
  A spectral titan (WizLab)
  3 merfolk javelineers (Shoals:4)
  The ghost of Erutecwi the Geomancer, a journeyman GrEE of Vehumet (D:13)
  2 deep elf death magi
  10 mummy priests
  2 fire dragons
  6 merfolk impalers
  The ghost of windycow the Grappler, a journeyman TrWr of Jiyva (D:12)
  A blizzard demon (Abyss:3)
  An ettin (Orc:2)
  2 crystal guardians (Vaults:1)
  A green death (Abyss:3)
  8 jiangshi
  6 entropy weavers
  2 quicksilver dragon zombies
  2 ice dragons
  A spriggan zombie (Crypt:1)
  4 yaktaur captains
  2 deep elf high priests
  3 vault guards (Vaults:2)
  A great orb of eyes (Vaults:1)
  A hydra (Lair:5)
  Harold (Lair:1)
  A catoblepas (D:12)
  A spriggan skeleton (Tomb:2)
  Fannar (D:10)
  16 centaur warriors
  A peacekeeper (Vaults:1)
  2 death knights (Crypt:1)
  7 ironbound frosthearts
  5 merfolk aquamancers
  11 boulder beetles
  4 merfolk avatars
  6 ogre magi
  16 two-headed ogres
  An alligator snapping turtle (Shoals:2)
  A satyr (Shoals:1)
  2 radroaches
  4 tengu warriors
  26 dancing weapons
  8 death yaks
  17 death scarabs
  A thrashing horror (Abyss:3)
  2 orc high priests (Orc:1)
  Sonja (Lair:3)
  13 deep elf knights
  4 vampire magi
  A soul eater (Crypt:2)
  3 shadow wraiths
  23 skeletal warriors
  4 pharaoh ants
  A spectral spark wasp (WizLab)
  2 sun moths
  2 skysharks
  11 sea snakes
  A glowing orange brain (Vaults:2)
  A glowing orange brain (shapeshifter) (D:13)
  2 swamp dragons
  10 orb spiders
  A bog body (Crypt:2)
  9 deep elf archers
  An anaconda zombie (Crypt:1)
  A kraken simulacrum (Shoals:4)
  3 large abominations (Abyss:3)
  17 deep trolls
  20 phantasmal warriors
  2 lindwurms (Lair:5)
  5 flayed ghosts
  10 harpies
  4 ironbound convokers
  7 steelbarb worms
  8 starcursed masses (Abyss:3)
  17 deep elf zephyrmancers
  5 orc knights
  24 wolf spiders
  22 deep elf pyromancers
  11 fauns
  2 necromancers
  2 orc sorcerers
  20 manticores
  2 salamanders
  A stone giant zombie (Crypt:1)
  3 ugly things
  A salamander (shapeshifter) (Elf:3)
  4 elephants
  A goliath frog skeleton (Crypt:3)
  9 cyclopes
  8 black mambas
  3 moths of wrath
  An apocalypse crab (Elf:3)
  11 water nymphs
  7 merfolk sirens
  11 torpor snails
  4 ice statues (D:11)
  A smoke demon (Abyss:3)
  6 cane toads
  5 vault sentinels
  6 gargoyles
  8 demonic crawlers
  An unseen horror (D:12)
  A dire elephant skeleton (Tomb:2)
  3 freezing wraiths
  3 rime drakes
  2 tengu conjurers
  16 komodo dragons
  A grey draconian skeleton (Crypt:2)
  7 yaktaurs (Vaults:2)
  33 guardian mummies
  A purple draconian skeleton (Crypt:3)
  2 polar bears (Lair:4)
  34 merfolk
  A harpy zombie (Crypt:1)
  A black draconian skeleton (Crypt:2)
  2 ancient zymes (Abyss:3)
  A hydra zombie (Crypt:1)
  7 wind drakes
  A queen bee (Lair:3)
  3 tyrant leeches (Lair:5)
  10 trolls
  Prince Ribbit (D:8)
  7 raiju (Abyss:3)
  27 tarantellas
  A tarantella (shapeshifter) (D:14)
  A spectral guardian serpent (Crypt:2)
  15 blink frogs
  A jumping spider zombie (Crypt:2)
  8 hornets
  9 dream sheep
  12 snapping turtles
  A guardian serpent zombie (Crypt:3)
  3 harpy skeletons
  36 jumping spiders
  31 slime creatures
  5 air elementals
  A black mamba zombie (Crypt:1)
  15 culicivoras
  49 flying skulls
  A shadow (D:10)
  66 yaks
  A ynoxinul (Abyss:3)
  4 fire elementals
  A vampire (D:12)
  9 wraiths
  A wyvern (Lair:2)
  An ice dragon skeleton (Crypt:3)
  15 humans
  11 water elementals
  A satyr skeleton (Crypt:1)
  7 ushabtiu
  7 basilisks
  A chaos spawn (Abyss:3)
  68 redbacks
  8 steam dragons
  A hog (shapeshifter) (Elf:3)
  2 hogs (Lair:5)
  4 vampire mosquitoes
  2 wargs (Orc:2)
  5 neqoxecs (D:12)
  A demonspawn zombie (Crypt:2)
  5 acid dragons
  A naga skeleton (Crypt:3)
  4 hell hounds (Elf:2)
  4 water moccasins
  A hornet zombie (Crypt:3)
  18 orc warriors
  15 ice beasts
  A two-headed ogre skeleton (Crypt:1)
  A sky beast (D:7)
  14 centaurs
  4 boggarts
  6 wolves (Lair:1)
  28 ogres
  5 kobold brigands (Bailey)
  8 bullfrogs
  2 gnoll sergeants
  2 earth elementals
  2 necrophages (Crypt:2)
  7 scorpions
  An elf skeleton (Crypt:3)
  4 water moccasin zombies (Ossuary)
  14 wights
  28 killer bees
  2 electric eels (D:10)
  8 howler monkeys
  A troll skeleton (Crypt:3)
  A crimson imp (D:5)
  3 quasits (D:12)
  A human zombie (D:6)
  3 hounds (D:5)
  A jelly (D:5)
  14 orc priests
  3 centaur skeletons
  An iron imp (Abyss:3)
  Ijyb (D:4)
  8 iguanas
  14 orc wizards
  2 sleepcaps
  6 hell rats (Lair:2)
  39 mummies
  8 adders
  9 gnolls
  A steam dragon skeleton (Crypt:1)
  3 shadow imps
  2 white imps
  4 ufetubi
  5 adder zombies (Ossuary)
  3 worms
  4 dart slugs
  69 orcs
  6 bats
  8 endoplasms
  2 giant cockroaches
  10 goblins
  6 hobgoblins
  4 quokkas
  4 ball pythons
  2 frilled lizards (D:3)
  A giant cockroach zombie (Crypt:3)
  A gnoll zombie (Ossuary)
  6 hobgoblin zombies (Ossuary)
  12 kobolds
  6 kobold zombies (Ossuary)
  7 orc zombies (Ossuary)
  15 rats
  A rat zombie (D:6)
  A lurking horror (Abyss:3)
  A plant (Lair:5)
  A starspawn tentacle (Abyss:3)
  2 tentacles (Shoals:4)
1766 creatures vanquished.

Vanquished Creatures (collateral kills)
  4 royal mummies
  Rupert (D:12)
  A lich (Tomb:2)
  3 ancient champions
  Kirke (Lair:5)
  4 sphinxes (Tomb:1)
  2 revenants
  An emperor scorpion (Spider:3)
  A caustic shrike zombie (Crypt:3)
  4 bennus (Tomb:2)
  A halazid warlock (WizLab)
  5 mummy priests
  An eidolon (WizLab)
  A deep elf death mage (WizLab)
  A great orb of eyes (Vaults:1)
  A spriggan zombie (Tomb:1)
  4 death scarabs
  A titan zombie (WizLab)
  9 skeletal warriors
  A shadow wraith (WizLab)
  2 sea snakes
  2 spectral spark wasps (WizLab)
  A flayed ghost (Crypt:1)
  2 phantasmal warriors
  An orc knight (D:12)
  An elephant (Lair:4)
  2 water nymphs (Shoals:3)
  12 guardian mummies
  A merfolk (Shoals:4)
  A harpy zombie (WizLab)
  A spectral guardian serpent (Crypt:2)
  7 flying skulls
  4 ushabtiu
  A water elemental (Shoals:3)
  A wraith (Crypt:1)
  A human (D:12)
  A swamp dragon skeleton (Crypt:1)
  A two-headed ogre simulacrum (Crypt:1)
  An electric eel (D:10)
  A naga skeleton (Crypt:1)
  15 mummies
  A quokka zombie (Crypt:2)
  A butterfly (Lair:4)
108 creatures vanquished.

Vanquished Creatures (others)
  A deep elf zephyrmancer (Elf:3)
  A flying skull (Tomb:3)
  3 humans (Lair:5)
  2 bushes (D:9)
  7 fungi
  87 plants
  3 starspawn tentacles (Abyss:3)
  5 tentacles (Shoals:4)
  5 withered plants (Crypt:3)
114 creatures vanquished.

Grand Total: 1988 creatures vanquished

Notes
Turn   | Place    | Note
-------+----------+-------------------------------------------
     0 | D:1      | senseless the Minotaur Fighter began the quest for the Orb.
     0 | D:1      | Reached XP level 1. HP: 19/19 MP: 0/0
   221 | D:1      | Reached XP level 2. HP: 27/27 MP: 1/1
   271 | D:1      | Found Tuvuyzolugh's Book Emporium.
   281 | D:1      | Reached skill level 4 in Fighting
   581 | D:1      | Reached XP level 3. HP: 33/33 MP: 2/2
  1024 | D:2      | Reached skill level 1 in Polearms
  1317 | D:2      | Found Luquaf's Armour Emporium.
  1317 | D:2      | Noticed an animated plate armour
  1322 | D:2      | Noticed an animated gold dragon scales
  1330 | D:2      | Bought a +0 cloak for 45 gold pieces
  1330 | D:2      | Bought a +0 pair of boots for 45 gold pieces
  1330 | D:2      | Bought a +0 pair of gloves for 45 gold pieces
  1421 | D:2      | Reached XP level 4. HP: 41/41 MP: 3/3
  1518 | D:2      | Identified a scroll of acquirement
  1518 | D:2      | Acquired a +3 demon trident of electrocution
  2047 | D:3      | Reached XP level 5. HP: 47/47 MP: 4/4
  2210 | D:3      | Found a faded altar of an unknown god.
  2390 | D:4      | Noticed Ijyb
  2428 | D:4      | Killed Ijyb
  2515 | D:4      | Found a glowing golden altar of the Shining One.
  2663 | D:4      | Became a worshipper of the Shining One
  2798 | D:4      | Reached skill level 5 in Fighting
  2944 | D:5      | Entered Level 5 of the Dungeon
  2946 | D:5      | Found a staircase to the Ecumenical Temple.
  2967 | D:5      | Reached skill level 5 in Shields
  2968 | D:5      | Reached skill level 5 in Armour
  2968 | D:5      | Reached XP level 6. HP: 56/56 MP: 5/5
  3406 | D:5      | Found a shimmering altar of Xom.
  3406 | D:5      | Found a burning altar of Makhleb.
  3627 | D:6      | Reached * piety under the Shining One
  3627 | D:6      | Found a sand-covered staircase.
  3655 | Ossuary  | Entered an ossuary
  3691 | Ossuary  | Reached ** piety under the Shining One
  3719 | Ossuary  | Reached XP level 7. HP: 57/61 MP: 6/6
  3746 | Ossuary  | Reached skill level 5 in Polearms
  3756 | Ossuary  | Reached *** piety under the Shining One
  3853 | Ossuary  | Reached skill level 8 in Fighting
  3853 | Ossuary  | Reached skill level 10 in Polearms
  3853 | Ossuary  | Reached XP level 8. HP: 77/77 MP: 7/7
  3910 | D:6      | Reached skill level 9 in Fighting
  4081 | D:6      | Reached **** piety under the Shining One
  4082 | D:6      | Reached XP level 9. HP: 68/79 MP: 8/8
  4088 | D:6      | Identified the +1 whip of Defence {flame, rElec Will-
                  | Str+3}
  4097 | D:6      | Acquired the ring "Woer" {*Corrode rPois Str+2 Slay+4}
  4198 | D:6      | Identified the +6 dagger of Triumph {elec, rPois rC++ rN+
                  | Dex-3}
  5082 | D:8      | Identified the +7 quarterstaff of Xaastran {elec, rF+ Int+3
                  | Dex+3}
  5324 | D:8      | Found a sparkling altar of Nemelex Xobeh.
  5351 | D:8      | Noticed Prince Ribbit
  5356 | D:8      | Killed Prince Ribbit
  5413 | D:8      | Found a blossoming altar of Fedhas.
  5431 | D:8      | Reached XP level 10. HP: 89/93 MP: 9/9
  5895 | D:9      | Reached skill level 10 in Fighting
  5956 | D:9      | Found a shimmering blue altar of Sif Muna.
  5987 | D:9      | Reached skill level 10 in Armour
  5990 | D:9      | Noticed a two-headed ogre
  6000 | D:9      | Reached skill level 10 in Shields
  6394 | D:9      | Noticed a cyclops
  6520 | D:9      | Killed a cyclops
  7068 | D:10     | Entered Level 10 of the Dungeon
  7185 | D:10     | Found a stormy altar of Qazlal.
  7199 | D:10     | Found a flagged portal.
  7210 | Bailey   | Entered a bailey
  7317 | Bailey   | Noticed an orc knight
  7333 | Bailey   | Killed an orc knight
  7398 | Bailey   | Found a burning altar of Makhleb.
  7573 | D:10     | Found an ornate altar of the Wu Jian Council.
  7829 | D:10     | Noticed Fannar
  7844 | D:10     | Killed Fannar
  7845 | D:10     | Reached XP level 11. HP: 74/101 MP: 10/10
  7971 | D:10     | Reached ***** piety under the Shining One
  7990 | D:10     | Noticed an orc knight
  7998 | D:10     | Noticed a two-headed ogre
  8016 | D:10     | Killed an orc knight
  8020 | D:10     | Killed a two-headed ogre
  8026 | D:10     | Reached skill level 11 in Fighting
  8182 | D:10     | Identified the staff of death "Homogr Ipsut" {rN+ Int+2}
  8288 | D:10     | Found Exulomn's Antique Weapon Shop.
  8293 | D:10     | Bought a warped falchion for 192 gold pieces
  8293 | D:10     | Identified the +2 falchion "Xotid" {antimagic, *Corrode
                  | Will+++ Str+2 Dex+2} (You bought it in a shop on level 10
                  | of the Dungeon)
  8298 | D:10     | Found a staircase to the Orcish Mines.
  8429 | D:11     | Noticed a white ugly thing
  8436 | D:11     | Killed a white ugly thing
  8542 | D:11     | Noticed a two-headed ogre
  8548 | D:11     | Killed a two-headed ogre
  8586 | D:11     | Found a staircase to the Lair.
  8891 | D:11     | Found Otroy's Armour Boutique.
  8980 | D:11     | Reached skill level 12 in Fighting
  9150 | D:11     | Reached XP level 12. HP: 112/112 MP: 11/11
  9594 | D:11     | Identified the +5 ring mail "Mourya" {rF+}
  9824 | D:11     | Acquired a manual of Fighting
 10084 | D:12     | Found a transporter.
 10087 | D:12     | Noticed windycow's ghost (journeyman TrWr)
 10124 | D:12     | Found a transporter.
 10322 | D:12     | Noticed a two-headed ogre
 10328 | D:12     | Killed a two-headed ogre
 10329 | D:12     | Reached skill level 1 in Dodging
 10365 | D:12     | Reached skill level 13 in Fighting
 11050 | D:13     | Noticed Nessos
 11050 | D:13     | Noticed Rupert
 11050 | D:13     | Noticed a catoblepas
 11050 | D:13     | Found a gate to the Vaults.
 11113 | D:13     | Found a transporter.
 11113 | D:13     | Noticed an ogre mage
 11116 | D:13     | Noticed Erutecwi's ghost (journeyman GrEE)
 11116 | D:13     | Noticed a yaktaur captain
 11117 | D:13     | Noticed an ogre mage
 11160 | Orc:1    | Entered Level 1 of the Orcish Mines
 11199 | Orc:1    | Reached skill level 14 in Fighting
 11330 | Orc:2    | Entered Level 2 of the Orcish Mines
 11330 | Orc:2    | Found Jakecub's Magic Scroll Shop.
 11516 | Orc:1    | Reached ****** piety under the Shining One
 11688 | Orc:2    | Noticed a two-headed ogre
 11688 | Orc:2    | Noticed a two-headed ogre
 11689 | Orc:2    | Noticed a two-headed ogre
 11689 | Orc:2    | Noticed an ogre mage
 11689 | Orc:2    | Noticed an ogre mage
 11690 | Orc:2    | Noticed a two-headed ogre
 11715 | Orc:2    | Killed a two-headed ogre
 11719 | Orc:2    | Killed an ogre mage
 11722 | Orc:2    | Killed a two-headed ogre
 11732 | Orc:2    | Killed a two-headed ogre
 11739 | Orc:2    | Identified a +6 trishula of holy wrath (a +4 demon trident
                  | of electrocution blessed by the Shining One)
 11739 | Orc:2    | Received a gift from the Shining One
 11764 | Orc:2    | Reached XP level 13. HP: 125/125 MP: 12/12
 11789 | Orc:2    | Bought a scroll of fear for 60 gold pieces
 11791 | Orc:2    | Noticed an ettin
 11799 | Orc:2    | Killed an ettin
 11808 | Orc:2    | Reached skill level 15 in Fighting
 12305 | Orc:1    | Reached skill level 16 in Fighting
 12547 | Orc:2    | Reached skill level 5 in Dodging
 12660 | Orc:2    | Found a staircase to the Elven Halls.
 12743 | Orc:2    | Found Tuwiuxzerr's Armour Emporium.
 12743 | Orc:2    | Found Hehil's Armour Boutique.
 12743 | Orc:2    | Found Muvoceul's General Store.
 12743 | Orc:2    | Found Raym's Weapon Shoppe.
 12751 | Orc:2    | Bought a potion of experience for 850 gold pieces
 12751 | Orc:2    | Bought a scroll of teleportation for 51 gold pieces
 12751 | Orc:2    | Reached skill level 5 in Invocations
 12751 | Orc:2    | Reached XP level 14. HP: 138/138 MP: 12/17
 12787 | Orc:2    | Bought a +2 cloak for 264 gold pieces
 13038 | Lair:1   | Entered Level 1 of the Lair of Beasts
 13053 | Lair:1   | You fall into a shaft and drop 1 floor!
 13166 | Lair:2   | Reached skill level 17 in Fighting
 13229 | Lair:1   | Reached skill level 15 in Shields
 13239 | Lair:1   | Reached skill level 15 in Armour
 13489 | Lair:1   | Noticed Harold
 13502 | Lair:1   | Killed Harold
 13841 | Lair:1   | Reached XP level 15. HP: 147/147 MP: 18/18
 15089 | Lair:3   | Reached skill level 18 in Fighting
 15181 | Lair:3   | Found a hole to the Spider Nest.
 15199 | Lair:3   | Noticed Sonja
 15205 | Lair:3   | Killed Sonja
 15438 | Lair:3   | Noticed Snorg
 15447 | Lair:3   | Killed Snorg
 15499 | Lair:3   | Found a staircase to the Shoals.
 16802 | Lair:5   | Entered Level 5 of the Lair of Beasts
 16999 | Lair:5   | Noticed Kirke
 17009 | Lair:5   | Reached skill level 19 in Fighting
 17020 | Lair:5   | Killed Kirke
 17813 | Lair:5   | Found a viscous altar of Jiyva.
 17813 | Lair:5   | Found a staircase to the Slime Pits.
 17964 | Lair:5   | Found a runed translucent door.
 18190 | Lair:5   | Identified the +4 chain mail "Ogosuz" {rPois Str+4 Dex+3}
 18434 | Spider:1 | Entered Level 1 of the Spider Nest
 18569 | Spider:1 | Reached XP level 16. HP: 158/162 MP: 20/20
 18592 | Spider:1 | Reached skill level 20 in Fighting
 21331 | Spider:3 | Found a runed translucent door.
 21331 | Spider:3 | Found a shimmering altar of Xom.
 21331 | Spider:3 | Noticed Reshi88's ghost (adept SpHu)
 21345 | Spider:3 | Killed Reshi88's ghost
 21346 | Spider:3 | Reached skill level 21 in Fighting
 21675 | Spider:4 | Entered Level 4 of the Spider Nest
 21695 | Spider:3 | Reached XP level 17. HP: 113/173 MP: 22/22
 21857 | Spider:4 | Noticed Donald
 21884 | Spider:3 | Killed Donald
 22396 | Spider:4 | Noticed Arachne
 23167 | Spider:4 | Identified the staff of poison "Ynys" {rPois MP-9 Str+3
                  | Dex+3 Stlth+}
 23553 | Spider:4 | Killed Arachne
 23789 | Spider:4 | Identified the +0 pair of boots "Alicwe Vapp" {-Tele Fly
                  | rElec}
 23936 | Spider:4 | Got a gossamer rune of Zot
 24209 | Elf:1    | Entered Level 1 of the Elven Halls
 24283 | Elf:1    | Found Vatez's Armour Shop.
 24354 | Elf:1    | Found Ogotayh's Jewellery Shop.
 24366 | Elf:1    | Bought an amulet of regeneration for 450 gold pieces
 24395 | Elf:1    | Paralysed by an air elemental for 1 turns
 24507 | Elf:1    | Found Yqeeq's Antique Weapon Emporium.
 24597 | Elf:1    | Found Nouchiat's Magic Scroll Shoppe.
 24600 | Elf:1    | Bought a scroll of enchant armour for 142 gold pieces
 24600 | Elf:1    | Bought a scroll of teleportation for 57 gold pieces
 24756 | Elf:1    | Paralysed by an air elemental for 1 turns
 24758 | Elf:1    | Paralysed by an air elemental for 1 turns
 24851 | Elf:1    | Found a runed translucent gate.
 24851 | Elf:1    | Found a runed translucent gate.
 24851 | Elf:1    | Found a runed translucent gate.
 24851 | Elf:1    | Found a runed translucent gate.
 24851 | Elf:1    | Found a runed translucent gate.
 24860 | Elf:1    | Found a runed translucent gate.
 25142 | Elf:1    | Found Zeguum's Distillery.
 25146 | Elf:1    | Bought a potion of mutation for 112 gold pieces
 25146 | Elf:1    | Bought 2 potions of heal wounds for 140 gold pieces
 25146 | Elf:1    | Bought a potion of curing for 42 gold pieces
 25612 | Elf:2    | Paralysed by an air elemental for 1 turns
 25632 | Elf:2    | Reached skill level 10 in Dodging
 25795 | Elf:2    | Noticed Asterion
 25805 | Elf:2    | Killed Asterion
 26059 | Elf:2    | Noticed Azrael
 26065 | Elf:2    | Killed Azrael
 26083 | Elf:2    | Reached skill level 22 in Fighting
 26318 | Elf:2    | Found a huge runed translucent gate.
 26318 | Elf:2    | Found a huge runed translucent gate.
 26318 | Elf:2    | Found a huge runed translucent gate.
 26318 | Elf:2    | Found a huge runed translucent gate.
 26319 | Elf:2    | Found a huge runed translucent gate.
 26375 | Elf:2    | Reached XP level 18. HP: 148/184 MP: 16/24
 27005 | Elf:3    | Entered Level 3 of the Elven Halls
 27092 | Elf:1    | Reached skill level 10 in Invocations
 27938 | Abyss:3  | Cast into level 3 of the Abyss (a deep elf demonologist)
 28224 | Abyss:3  | Noticed a pearl dragon
 28251 | Elf:3    | Escaped the Abyss
 28659 | Elf:3    | Identified the ring "Feuvogh" {rElec rCorr}
 28699 | Elf:3    | Killed a pearl dragon
 28723 | Elf:3    | Identified the +5 fire dragon scales of Sin {Rampage rF++
                  | rC- Regen+}
 28922 | Elf:3    | Identified the ring "Tyxkin" {rPois Slay+4}
 28925 | Elf:3    | Found the +3 pair of seven-league boots {Rampage+∞}
 28936 | Elf:3    | Found the +8 mithril axe "Arga" {speed, Will+}
 28958 | Elf:3    | Identified the +0 robe of the Mind {rC- Regen+ rCorr Dex+2}
 28974 | Elf:3    | Identified the +0 mace "Brush" {spect, *Slow Str+4 Int+2}
 29494 | Shoals:1 | Entered Level 1 of the Shoals
 29494 | Shoals:1 | Noticed Jorgrun
 29522 | Lair:3   | Killed Jorgrun
 30016 | Shoals:1 | Reached XP level 19. HP: 158/193 MP: 19/26
 30158 | Shoals:1 | Noticed Aizul
 30172 | Shoals:1 | Killed Aizul
 30600 | Shoals:2 | Reached skill level 5 in Axes
 30713 | Shoals:2 | Found Amueq's Assorted Antiques.
 30781 | Shoals:2 | Bought a potion of curing for 96 gold pieces
 30781 | Shoals:2 | Bought a potion of curing for 96 gold pieces
 31976 | Shoals:3 | HP: 8/193 [water nymph/the raging water (23)]
 32671 | Shoals:4 | Entered Level 4 of the Shoals
 32709 | Shoals:4 | Reached skill level 10 in Axes
 32985 | Shoals:4 | Identified the +7 sling "Uschuabbaor" {heavy, rElec rPois
                  | rF+ rC+}
 33117 | Shoals:4 | Identified the +4 flail of the Lonely Stories {heavy, Will+
                  | Str-5 Dex+3 Stlth+}
 33911 | Shoals:4 | Got a barnacled rune of Zot
 34137 | Shoals:4 | Found Byett's Antique Armour Shoppe.
 34146 | Shoals:4 | Identified the +4 quarterstaff of the Terrible God {drain,
                  | rC+ rCorr}
 34552 | D:12     | Killed windycow's ghost
 34720 | D:12     | Killed Rupert
 34918 | D:13     | Found a transporter.
 34984 | D:13     | Killed Nessos
 35803 | D:13     | Killed Erutecwi's ghost
 36138 | D:14     | Reached skill level 15 in Axes
 36880 | D:15     | Entered Level 15 of the Dungeon
 36966 | D:15     | Reached XP level 20. HP: 202/202 MP: 27/27
 36967 | D:15     | Reached skill level 23 in Fighting
 37008 | D:15     | Found a hide-covered altar of Uskayaw.
 37554 | D:15     | Identified the +0 pair of gloves of Claustrophobia {rN+
                  | Int+2 SInv Stlth+}
 37596 | D:15     | Found a staircase to the Depths.
 38057 | Vaults:1 | Entered Level 1 of the Vaults
 38911 | Vaults:1 | Paralysed by a great orb of eyes for 2 turns
 39888 | Vaults:2 | Identified the +5 ring mail of Quiescent Amelioration
                  | {Str+5}
 40288 | Vaults:2 | Found a staircase to the Crypt.
 41339 | Crypt:1  | Entered Level 1 of the Crypt
 41552 | Crypt:1  | Noticed Mennas
 41571 | Crypt:1  | Killed Mennas
 41572 | Crypt:1  | Reached XP level 21. HP: 175/213 MP: 22/29
 42023 | Crypt:1  | Reached skill level 1 in Maces & Flails
 42191 | Crypt:2  | Identified the +1 quarterstaff of Trauma {drain, *Noise
                  | rElec Dex+6}
 42283 | Crypt:2  | Identified the +8 battleaxe of Doom {heavy, Int+3}
 42711 | Crypt:2  | Noticed Khufu
 42717 | Crypt:2  | Killed Khufu
 42718 | Crypt:2  | Noticed a royal mummy
 42725 | Crypt:2  | Killed a royal mummy
 42726 | Crypt:2  | Reached skill level 24 in Fighting
 42851 | Crypt:3  | Entered Level 3 of the Crypt
 42890 | Crypt:3  | Found the +8 demon blade "Leech" {evervamp, Harm Drain rN+}
 42957 | Crypt:3  | Found a magical portal.
 42973 | WizLab   | Entered Borgnjor's Mausoleum
 43257 | WizLab   | Reached skill level 5 in Maces & Flails
 43675 | Crypt:3  | Identified the +1 leather armour of Yxtaenanue {Dex+3}
 44084 | Crypt:3  | Found a staircase to the Tomb.
 44299 | Crypt:3  | Noticed an ancient lich
 44300 | Crypt:3  | Noticed a dread lich
 44500 | Tomb:1   | Entered Level 1 of the Tomb of the Ancients
 44598 | Tomb:1   | Reached XP level 22. HP: 224/224 MP: 21/30
 44699 | Tomb:1   | Paralysed by a sphinx for 5 turns
 44745 | Tomb:1   | Noticed a royal mummy
 44758 | Tomb:1   | Killed a royal mummy
 45197 | Tomb:1   | Acquired 834 gold pieces
 45323 | Tomb:2   | Noticed a royal mummy
 45323 | Tomb:2   | Noticed a royal mummy
 45325 | Tomb:2   | Noticed a royal mummy
 45326 | Tomb:2   | Noticed a royal mummy
 45330 | Tomb:2   | Noticed a royal mummy
 45624 | Tomb:2   | Killed a royal mummy
 45629 | Tomb:2   | Killed a royal mummy
 45657 | Tomb:2   | Killed a royal mummy
 45695 | Tomb:2   | Reached skill level 15 in Dodging
 45770 | Tomb:2   | Killed a royal mummy
 45778 | Tomb:2   | HP: 10/224 [mummy priest (9)]
 45785 | Tomb:2   | Killed a royal mummy
 45788 | Tomb:2   | Reached skill level 25 in Fighting
 46315 | Tomb:1   | Noticed a royal mummy
 46323 | Tomb:1   | Noticed a royal mummy
 46330 | Tomb:1   | Killed a royal mummy
 46330 | Tomb:1   | Noticed a royal mummy
 46335 | Tomb:1   | HP: 11/226 [royal mummy (14)]
 46338 | Tomb:1   | Killed a royal mummy
 46345 | Tomb:1   | Killed a royal mummy
 46367 | Tomb:1   | Noticed a royal mummy
 46371 | Tomb:1   | Killed a royal mummy
 46371 | Tomb:1   | Noticed a royal mummy
 46379 | Tomb:1   | Killed a royal mummy
 46403 | Tomb:1   | Noticed a royal mummy
 46409 | Tomb:1   | Killed a royal mummy
 46508 | Tomb:1   | Noticed a royal mummy
 46516 | Tomb:1   | Noticed a royal mummy
 46517 | Tomb:1   | Killed a royal mummy
 46525 | Tomb:1   | Killed a royal mummy
 46658 | Tomb:1   | Noticed a royal mummy
 46659 | Tomb:1   | Noticed a royal mummy
 46662 | Tomb:1   | Killed a royal mummy
 46664 | Tomb:1   | Noticed a royal mummy
 46668 | Tomb:1   | Killed a royal mummy
 46669 | Tomb:1   | Reached XP level 23. HP: 71/234 MP: 26/32
 46858 | Tomb:1   | Noticed a royal mummy
 46858 | Tomb:1   | Noticed a royal mummy
 46869 | Tomb:1   | Killed a royal mummy
 46875 | Tomb:1   | Killed a royal mummy
 46882 | Tomb:1   | Killed a royal mummy
 46942 | Tomb:1   | Noticed a royal mummy
 46946 | Tomb:1   | Killed a royal mummy
 46969 | Tomb:1   | Noticed a royal mummy
 46975 | Tomb:1   | Killed a royal mummy
 47025 | Tomb:3   | Entered Level 3 of the Tomb of the Ancients
 47035 | Tomb:3   | Noticed a royal mummy
 47042 | Tomb:3   | Noticed a royal mummy
 47054 | Tomb:3   | HP: 2/234 [ancient champion/+3 heavy battleaxe (21)]
 47176 | Tomb:3   | Killed a royal mummy
 47181 | Tomb:3   | Killed a royal mummy
 47193 | Tomb:3   | Noticed a royal mummy
 47202 | Tomb:3   | HP: 11/234 [royal mummy/divine providence (13)]
 47203 | Tomb:3   | The Shining One protects you from harm!
 47206 | Tomb:3   | HP: 2/234 [ushabti] (17)]
 47206 | Tomb:3   | Succumbed to an ushabti's dark miasma

Illustrated notes

Levels and vault maps discovered:
D:1:      dpeg_arrival_concentric_ovals, layout_basic, serial_shops, shop,
          serial_park_tiny_pond, minmay_rat_gold_closets
D:2:      minmay_general_purpose_star, layout_basic, serial_shops,
          nicolae_shop_mannequins
D:3:      layout_basic, shapermc_ecumenical_altar_mp_highgroup
D:4:      kennysheep_the_goblin_king, layout_gridville,
          nicolae_tso_carved_into_rock
D:5:      layout_rooms, grunt_temple_overflow_champion_of_chaos,
          minmay_temple_entry_grid, hangedman_decor_diamond_cutter,
          kennysheep_generic_room_11
D:6:      layout_cave_pools, enter_ossuary_3
D:7:      layout_basic
D:8:      layout_gridville, nicolae_overflow_crystal_walls,
          nemelex_spade_bored_becter, serial_glass, glass_columns_a,
          glass_columns_b, uniq_prince_ribbit1
D:9:      layout_irregular_city, mainiacjoe_overflow_small_starburst,
          minmay_hedge_maze
D:10:     layout_basic, pdpol_wu_jian_five_deadly_venoms,
          nicolae_qazlal_style_of_elements, serial_shops, kennysheep_little_box,
          enter_bailey_2, minmay_pinched_square, uniq_fannar
D:11:     minmay_ice_pillars, layout_long_grid, lair_entry_dummy, serial_shops,
          nicolae_shop_trees
D:12:     layout_cave_pods, gammafunk_ghost_stat_death
D:13:     layout_gridville, david_vaults_3, gammafunk_ghost_arena
D:14:     layout_loops_ring, minmay_misc_feat_ornament
D:15:     hangedman_depths_entry_try_elsewhere_first, layout_irregular_city,
          basic_altar
Lair:1:   layout_cave_pods, uniq_harold
Lair:2:   beast_lair_carwin_large_3, layout_hall_layers, st_stairs_3
Lair:3:   nzn_winding_woodlands_small [nzn_winding_woodlands_5x15_split_checker,
          nzn_winding_woodlands_center_diamonds,
          nzn_winding_woodlands_5x15_jagged], layout_layer_cave,
          minmay_shoals_entry_centaurs, nicolae_spider_entry_non_spiders,
          special_room [special_room_bee], uniq_snorg, uniq_rupert, uniq_sonja
Lair:4:   layout_hall_layers, grunt_forest_small_clearings, lemuel_fruit_fields
Lair:5:   wormcave, layout_hall_layers, guppyfry_lair_end_dragon,
          dpeg_slime_entry_enclosed, uniq_kirke
Shoals:1: layout_shoals, uniq_aizul, uniq_jorgrun
Shoals:2: layout_shoals, serial_shops, nicolae_shop_tiny_statue_garden
Shoals:3: layout_shoals, nicolae_shoals_nymph_descending_staircase
Shoals:4: shoals_end_grunt_ice, layout_shoals, serial_shops,
          nicolae_shop_back_alley_shop
Spider:1: layout_spider_delve, drop_trap, nicolae_spider_bug_shape
Spider:2: layout_spider_delve
Spider:3: layout_spider_delve, ebering_ghost_xom
Spider:4: grunt_spider_rune_circles, uniq_donald, uniq_arachne
Orc:1:    layout_caves, mines2_david
Orc:2:    st_orc_ogre_mass, layout_caves, serial_shops, shop, basic_altar,
          hellmonk_bongcloud_opening
Elf:1:    layout_loops_corners, serial_shops, shop,
          nicolae_shop_back_alley_shop, shop, nicolae_shop_real_fake_doors,
          shop, orc_legates, abandoned_shop, dreamdust_princess_corridor
Elf:2:    elven_hall_of_blades_hangedman_alternative
          [infiniplex_blade_entry_pillars], layout_loops_corners, minivault_23,
          dk_noncrumbling_3, uniq_azrael, uniq_asterion
Elf:3:    elf_hall_gauntlet_narrow, layout_onion_city
Vaults:1: v_alt_pattern_6, nicolae_vaults_mitosis, v_misc_10,
          layout_vaults_omnigrid
Vaults:2: vaults_standard_mumra_x, minmay_crypt_entry_simple_round,
          nicolae_vaults_six-pack, nicolae_vaults_trapezoid_2,
          nicolae_vaults_stepped_doors, v_misc_2, hangedman_vaults_stream,
          vaults_dpeg_encased_lava, grunt_vaults_trifunnel,
          nicolae_vaults_offset_grid_hallway_3, nicolae_vaults_apartment_1,
          nicolae_vaults_variable_pillar_hall, layout_vaults_ring
Crypt:1:  layout_chaotic_city, uniq_mennas
Crypt:2:  layout_chaotic_city, corner_web_ring, nrook_guardian_serpent_ordinary,
          grunt_megastairs_5, uniq_khufu
Crypt:3:  david_glass_crypt, layout_misc_corridors,
          tomb_entry_forgotten_bobbens, mu_enter_wizlab_4, serial_glass,
          glass_columns_b, glass_columns_b, glass_columns_a, glass_columns_a
Tomb:1
Tomb:2
Tomb:3

Skill      XL: |  1  2  3  4  5  6  7  8  9 10 11 12 13 14 15 16 17 18 19 20 21 22 23 |
---------------+----------------------------------------------------------------------+-----
Fighting       | 4 5 8 9 10 12 14 16 17 19 21 22 23 24 25 | 25.5
Shields        | 4 5 8 9 10 12 13 14 15 16 18 19 20 21 22 23 | 23.4
Armour         | 4 5 8 9 10 12 13 14 15 16 18 19 20 21 22 23 | 23.4
Polearms       | 1 2 3 4 10 11 12 13 | 13.8
Dodging        | 3 5 7 9 10 11 12 14 15 16 | 16.0
Invocations    | 5 6 7 8 9 10 12 13 14 | 14.9
Axes           | 4 15 | 15.9
Maces & Flails | 6 |  6.0
Ranged Weapons | |  0.5

Action                     |  1- 3 |  4- 6 |  7- 9 | 10-12 | 13-15 | 16-18 | 19-21 | 22-24 || total
---------------------------+-------+-------+-------+-------+-------+-------+-------+-------++-------
  Melee: War axe           |    21 |       |       |       |       |       |       |       ||    21
         Headbutt          |     6 |    19 |    23 |   130 |   211 |   308 |   422 |    94 ||  1213
         Spear             |    56 |    96 |   155 |   527 |       |       |       |       ||   834
         Demon trident     |       |    75 |       |       |       |       |       |       ||    75
         Trishula          |       |       |       |     5 |   834 |  1250 |  1771 |   326 ||  4186
         Unarmed           |       |       |       |       |     6 |       |       |       ||     6
   Fire: Sling             |       |       |       |       |       |    20 |       |       ||    20
  Throw: Throwing net      |       |       |       |       |       |     1 |       |       ||     1
 Invoke: Brand Weapon With |       |       |       |     1 |       |       |       |       ||     1
         Summon Divine War |       |       |       |       |     2 |     3 |    12 |    13 ||    30
         Cleansing Flame   |       |       |       |       |       |       |       |    20 ||    20
  Evoke: Wand              |       |       |       |       |       |       |       |     1 ||     1
    Use: Scroll            |       |    20 |     5 |     8 |     7 |     8 |     4 |    13 ||    65
         Potion            |       |       |     1 |     1 |     1 |     2 |     5 |    10 ||    20
 Armour: Chain mail        |    30 |    69 |    39 |    19 |     6 |    29 |       |       ||   192
         Scale mail        |     3 |       |       |       |       |       |       |       ||     3
         Plate armour      |       |       |       |   114 |   175 |   358 |       |       ||   647
         Fire dragon scale |       |       |       |       |       |    38 |   541 |   287 ||   866
  Dodge: Dodged            |    15 |    46 |    21 |    81 |   128 |   275 |   424 |   244 ||  1234
  Block: Buckler           |    15 |    29 |     3 |       |       |       |       |       ||    47
         Kite shield       |       |       |    22 |   213 |   386 |   766 |   889 |   403 ||  2679
         Reflection        |       |       |       |       |       |    45 |    94 |     4 ||   143

Table legend: (Time is in decaauts)
 A = Elapsed time spent in this place.
 B = Non-inter-level travel time spent in this place.
 C = Inter-level travel time spent in this place.
 D = Time resting spent in this place.
 E = Time spent auto-exploring this place.
 F = Levels seen in this place.
 G = Mean time per level.
                   A        B        C        D        E       F      G
               +--------+--------+--------+--------+--------+-----+--------+
         Total |  46427 |  42850 |   3577 |   3343 |  31445 |  45 | 1031.7 |
       Dungeon |  14310 |  13046 |   1264 |    420 |  10489 |  15 |  954.0 |
          Lair |   5504 |   5055 |    449 |    107 |   4089 |   5 | 1100.8 |
        Shoals |   4928 |   4535 |    393 |    110 |   3575 |   4 | 1232.0 |
   Spider Nest |   5387 |   5099 |    288 |   1453 |   2652 |   4 | 1346.8 |
  Orcish Mines |   1866 |   1728 |    138 |    387 |    926 |   2 |  933.0 |
   Elven Halls |   4739 |   4225 |    514 |    416 |   3003 |   3 | 1579.7 |
        Vaults |   3142 |   3081 |     61 |    151 |   2582 |   2 | 1571.0 |
         Crypt |   2397 |   2322 |     75 |     14 |   1842 |   3 |  799.0 |
          Tomb |   2793 |   2401 |    392 |    189 |   1522 |   3 |  931.0 |
         Abyss |    274 |    274 |      0 |     45 |     97 |   1 |  274.0 |
       Ossuary |    223 |    223 |      0 |      0 |    114 |   1 |  223.0 |
        Bailey |    238 |    238 |      0 |      1 |    159 |   1 |  238.0 |
        Wizlab |    619 |    619 |      0 |     49 |    392 |   1 |  619.0 |
               +--------+--------+--------+--------+--------+-----+--------+

Top non-repeatable levels by time:
Spider:3: 2220 daAuts
Vaults:2: 1755 daAuts
   Elf:3: 1675 daAuts
Shoals:4: 1672 daAuts
   Elf:2: 1638 daAuts
  Tomb:1: 1616 daAuts
    D:11: 1602 daAuts
  Lair:3: 1591 daAuts
  Lair:5: 1472 daAuts
   Elf:1: 1426 daAuts
Vaults:1: 1387 daAuts
    D:10: 1322 daAuts
    D:12: 1320 daAuts
Spider:1: 1315 daAuts
    D:13: 1183 daAuts
